| TOP OF THE 1ST |
|
Rome Braves batting - Pitching for Tri-City Dust Devils : RHP Sean Fowler
|
|
Pitching: RHP Sean Fowler
|
|
|
Batting: RHB Chris Trites
|
0-0: Ball 1-0: Called Strike 1-1: Foul Ball, location: 2F 1-2: Ball 2-2: Foul Ball, location: 2F 2-2: Strikes out looking
|
|
Batting: RHB Costantino Dolfini
|
0-0: Called Strike 0-1: Ball 1-1: Ball 2-1: Foul Ball, location: 2F 2-2: Strikes out swinging
|
|
Batting: LHB Ricardo Sandoval
|
0-0: Ball 1-0: Called Strike 1-1: Ball 2-1: Ball 3-1: Called Strike 3-2: Base on Balls
|
|
Batting: LHB Tamaichi Sasada
|
0-0: Called Strike Ricardo Sandoval steals 2nd base 0-1: Foul Ball, location: 2F 0-2: Ball 1-2: Foul Ball, location: 2F 1-2: Ball 2-2: Ball 3-2: Fly out, F8 (Line Drive, 8RM, EV 93.1 MPH)
|
| Top of the 1st over - 0 runs, 0 hits, 0 errors, 1 left on base; Rome 0 - Tri-City 0 |
| BOTTOM OF THE 1ST |
|
Tri-City Dust Devils batting - Pitching for Rome Braves : RHP Chris Hawkins
|
|
Pitching: RHP Chris Hawkins
|
|
|
Batting: LHB Ramon Vega
|
0-0: SINGLE (Groundball, 34S, EV 65.6 MPH) (infield hit)
|
|
Batting: LHB Phil Lerner
|
0-0: Ball 1-0: Foul Ball, location: 2F 1-1: Foul Ball, location: 2F 1-2: Strikes out swinging
|
|
Batting: RHB Eric McMillian
|
0-0: Called Strike 0-1: Ball 1-1: Ball Ramon Vega is caught stealing 2nd base 2-4 2-1: Called Strike 2-2: Foul Ball, location: 2F 2-2: SINGLE (Line Drive, 56, EV 105.6 MPH)
|
|
Batting: LHB Chad Cutler
|
Pickoff Play to 1st, Runner tries for 2nd, OUT after rundown.
|
| Bottom of the 1st over - 0 runs, 2 hits, 0 errors, 0 left on base; Rome 0 - Tri-City 0 |
| TOP OF THE 2ND |
|
Rome Braves batting - Pitching for Tri-City Dust Devils : RHP Sean Fowler
|
|
Batting: SHB Karl Starnes
|
0-0: Ball 1-0: Called Strike 1-1: Ball 2-1: Ground out 6-3 (Groundball, 4M, EV 90.0 MPH)
|
|
Batting: RHB Manny Hensley
|
0-0: Ball 1-0: Ball 2-0: Ball 3-0: Called Strike 3-1: Foul Ball, location: 2F 3-2: Strikes out swinging
|
|
Batting: RHB Dave Pizarro
|
0-0: Called Strike 0-1: DOUBLE (Flyball, 89D, EV 106.2 MPH)
|
|
Batting: RHB Yutaka Yamane
|
0-0: Ball 1-0: Ground out 6-3 (Groundball, 6, EV 102.5 MPH)
|
| Top of the 2nd over - 0 runs, 1 hit, 0 errors, 1 left on base; Rome 0 - Tri-City 0 |
| BOTTOM OF THE 2ND |
|
Tri-City Dust Devils batting - Pitching for Rome Braves : RHP Chris Hawkins
|
|
Batting: LHB Chad Cutler
|
0-0: Ball 1-0: Ball 2-0: Called Strike 2-1: Swinging Strike 2-2: Strikes out swinging
|
|
Batting: RHB Edgardo Rivera
|
0-0: Foul Ball, location: 2F 0-1: Swinging Strike 0-2: Ball 1-2: Foul Ball, location: 2F 1-2: Strikes out swinging
|
|
Batting: SHB Isaiah Scates
|
0-0: Ball 1-0: Ball 2-0: Fly out, F9 (Flyball, 9, EV 98.1 MPH)
|
| Bottom of the 2nd over - 0 runs, 0 hits, 0 errors, 0 left on base; Rome 0 - Tri-City 0 |
| TOP OF THE 3RD |
|
Rome Braves batting - Pitching for Tri-City Dust Devils : RHP Sean Fowler
|
|
Batting: RHB Mike Bergin
|
0-0: Ball 1-0: Foul Ball, location: 2F 1-1: Called Strike 1-2: Ball 2-2: Strikes out swinging
|
|
Batting: RHB Chris Trites
|
0-0: Ball 1-0: Foul Ball, location: 2F 1-1: Ball 2-1: Foul Ball, location: 2F 2-2: Foul Ball, location: 2F 2-2: Ball 3-2: Foul Ball, location: 2F 3-2: Foul Ball, location: 2F 3-2: Base on Balls
|
|
Batting: RHB Costantino Dolfini
|
0-0: Ball Chris Trites steals 2nd base 1-0: Foul Ball, location: 2F 1-1: Ball 2-1: Ground out 6-3 (Groundball, 6, EV 98.1 MPH)
|
|
Batting: LHB Ricardo Sandoval
|
0-0: Foul Ball, location: 2F 0-1: Ball 1-1: Swinging Strike 1-2: Ball 2-2: Strikes out swinging
|
| Top of the 3rd over - 0 runs, 0 hits, 0 errors, 1 left on base; Rome 0 - Tri-City 0 |
| BOTTOM OF THE 3RD |
|
Tri-City Dust Devils batting - Pitching for Rome Braves : RHP Chris Hawkins
|
|
Batting: RHB Hector Fernandez
|
0-0: Foul Ball, location: 2F 0-1: Foul Ball, location: 2F 0-2: Foul Ball, location: 2F 0-2: Foul Ball, location: 2F 0-2: Strikes out swinging
|
|
Batting: RHB Mike MacLeod
|
0-0: Ball 1-0: Ball 2-0: Called Strike 2-1: Ball 3-1: Called Strike 3-2: Base on Balls
|
|
Batting: RHB Oren Jones
|
0-0: Ball 1-0: 2-RUN HOME RUN (Flyball, 7D, EV 95.0 MPH), Distance : 363 ft
|
|
Batting: LHB Ramon Vega
|
0-0: Ball 1-0: Ball 2-0: Ball 3-0: Called Strike 3-1: Ground out 5-3 (Groundball, 56, EV 110.0 MPH)
|
|
Batting: LHB Phil Lerner
|
0-0: Ball 1-0: Foul Ball, location: 2F 1-1: Ball 2-1: Ball 3-1: Base on Balls
|
|
Batting: RHB Eric McMillian
|
0-0: Swinging Strike 0-1: Foul Ball, location: 2F 0-2: Ground out 5-3 (Groundball, 56S, EV 66.9 MPH)
|
| Bottom of the 3rd over - 2 runs, 1 hit, 0 errors, 1 left on base; Rome 0 - Tri-City 2 |
| TOP OF THE 4TH |
|
Rome Braves batting - Pitching for Tri-City Dust Devils : RHP Sean Fowler
|
|
Batting: LHB Tamaichi Sasada
|
0-0: Ball 1-0: Called Strike 1-1: Fly out, F8 (Flyball, 8RD, EV 94.4 MPH)
|
|
Batting: SHB Karl Starnes
|
0-0: Swinging Strike 0-1: SINGLE (Line Drive, 78S, EV 105.0 MPH)
|
|
Batting: RHB Manny Hensley
|
0-0: Ball 1-0: Ball 2-0: Ball 3-0: Base on Balls Karl Starnes to second
|
|
Batting: RHB Dave Pizarro
|
0-0: Ball Wild Pitch! Karl Starnes to third Manny Hensley to second 1-0: DOUBLE (Flyball, 78D, EV 95.0 MPH) Karl Starnes scores Manny Hensley scores
|
|
Batting: RHB Yutaka Yamane
|
0-0: Called Strike 0-1: Foul Ball, location: 2F 0-2: Ball 1-2: Ground out U3 (Groundball, 34, EV 85.6 MPH) Dave Pizarro to third
|
|
Pitching: RHP Chris Pisor
|
|
|
Batting: RHB Mike Bergin
|
0-0: Ball 1-0: Called Strike 1-1: Foul Ball, location: 2F 1-2: Ball 2-2: Foul Ball, location: 2F 2-2: Ball 3-2: Foul Ball, location: 2F 3-2: Foul Ball, location: 2F 3-2: Strikes out swinging
|
| Top of the 4th over - 2 runs, 2 hits, 0 errors, 1 left on base; Rome 2 - Tri-City 2 |
| BOTTOM OF THE 4TH |
|
Tri-City Dust Devils batting - Pitching for Rome Braves : RHP Chris Hawkins
|
|
Batting: LHB Chad Cutler
|
0-0: Ground out 4-3 (Groundball, 34, EV 108.8 MPH)
|
|
Batting: RHB Edgardo Rivera
|
0-0: Called Strike 0-1: Called Strike 0-2: Strikes out swinging
|
|
Batting: SHB Isaiah Scates
|
0-0: Called Strike 0-1: Foul Ball, location: 2F 0-2: Ball 1-2: Ball 2-2: SINGLE (Groundball, 34D, EV 93.8 MPH)
|
|
Batting: RHB Hector Fernandez
|
0-0: Called Strike 0-1: Called Strike 0-2: Ball 1-2: Fielders Choice at 2nd, 6-4 (Groundball, 6, EV 85.6 MPH)
|
| Bottom of the 4th over - 0 runs, 1 hit, 0 errors, 1 left on base; Rome 2 - Tri-City 2 |
| TOP OF THE 5TH |
|
Rome Braves batting - Pitching for Tri-City Dust Devils : RHP Chris Pisor
|
|
Batting: RHB Chris Trites
|
0-0: Swinging Strike 0-1: Ball 1-1: Ground out 6-3 (Groundball, 6, EV 104.4 MPH)
|
|
Batting: RHB Costantino Dolfini
|
0-0: Ball 1-0: Called Strike 1-1: Called Strike 1-2: Strikes out swinging
|
|
Batting: LHB Ricardo Sandoval
|
0-0: Ball 1-0: Ground out U3 (Groundball, 3, EV 76.9 MPH)
|
| Top of the 5th over - 0 runs, 0 hits, 0 errors, 0 left on base; Rome 2 - Tri-City 2 |
| BOTTOM OF THE 5TH |
|
Tri-City Dust Devils batting - Pitching for Rome Braves : RHP Chris Hawkins
|
|
Batting: RHB Mike MacLeod
|
0-0: Ball 1-0: Ball 2-0: Called Strike 2-1: Swinging Strike 2-2: Strikes out looking
|
|
Batting: RHB Oren Jones
|
0-0: Called Strike 0-1: Ball 1-1: DOUBLE (Line Drive, 5D, EV 95.6 MPH)
|
|
Batting: LHB Ramon Vega
|
0-0: Reached on error, E3 (Groundball, 3, EV 90.6 MPH) Oren Jones to third
|
|
Batting: LHB Phil Lerner
|
0-0: Called Strike Ramon Vega steals 2nd base (no throw) 0-1: Ball 1-1: Ground out 6-3 (Groundball, 6S, EV 71.9 MPH) Oren Jones scores Ramon Vega to third
|
|
Batting: RHB Eric McMillian
|
0-0: Ball 1-0: Ball 2-0: SINGLE (Groundball, 4M, EV 102.5 MPH) (infield hit) Ramon Vega scores
|
|
Batting: LHB Chad Cutler
|
0-0: Called Strike Eric McMillian steals 2nd base 0-1: Ball Passed Ball! Eric McMillian to third 1-1: Called Strike 1-2: Strikes out swinging
|
| Bottom of the 5th over - 2 runs, 2 hits, 1 error, 1 left on base; Rome 2 - Tri-City 4 |
| TOP OF THE 6TH |
|
Rome Braves batting - Pitching for Tri-City Dust Devils : RHP Chris Pisor
|
|
Batting: LHB Tamaichi Sasada
|
0-0: Called Strike 0-1: Foul Ball, location: 2F 0-2: Strikes out swinging
|
|
Batting: SHB Karl Starnes
|
0-0: Called Strike 0-1: Called Strike 0-2: Ball 1-2: Strikes out looking
|
|
Batting: RHB Manny Hensley
|
0-0: Ground out 6-3 (Groundball, 6, EV 96.2 MPH)
|
| Top of the 6th over - 0 runs, 0 hits, 0 errors, 0 left on base; Rome 2 - Tri-City 4 |
| BOTTOM OF THE 6TH |
|
Tri-City Dust Devils batting - Pitching for Rome Braves : RHP Chris Hawkins
|
|
Batting: RHB Edgardo Rivera
|
0-0: Called Strike 0-1: Ball 1-1: Foul Ball, location: 2F 1-2: SINGLE (Groundball, 34D, EV 97.5 MPH)
|
|
Pitching: RHP Armando Padron
|
|
|
Batting: SHB Isaiah Scates
|
0-0: Ball 1-0: Swinging Strike 1-1: Ball 2-1: Swinging Strike 2-2: Foul Ball, location: 2F 2-2: Ball 3-2: Strikes out swinging
|
|
Batting: RHB Hector Fernandez
|
0-0: Foul Ball, location: 2F 0-1: Ball 1-1: Called Strike 1-2: Strikes out swinging
|
|
Batting: RHB Mike MacLeod
|
0-0: Called Strike 0-1: Swinging Strike 0-2: Ball 1-2: Strikes out swinging
|
| Bottom of the 6th over - 0 runs, 1 hit, 0 errors, 1 left on base; Rome 2 - Tri-City 4 |
| TOP OF THE 7TH |
|
Rome Braves batting - Pitching for Tri-City Dust Devils : RHP Chris Pisor
|
|
Batting: RHB Dave Pizarro
|
0-0: Foul Ball, location: 2F 0-1: Foul Ball, location: 2F 0-2: Foul Ball, location: 2F 0-2: Ball 1-2: Ball 2-2: Strikes out swinging
|
|
Batting: RHB Yutaka Yamane
|
0-0: Swinging Strike 0-1: Ground out 5-3 (Groundball, 15, EV 81.2 MPH)
|
|
Batting: RHB Mike Bergin
|
0-0: Ground out 6-3 (Groundball, 6, EV 79.4 MPH)
|
| Top of the 7th over - 0 runs, 0 hits, 0 errors, 0 left on base; Rome 2 - Tri-City 4 |
| BOTTOM OF THE 7TH |
|
Tri-City Dust Devils batting - Pitching for Rome Braves : RHP Armando Padron
|
|
Batting: RHB Oren Jones
|
0-0: SINGLE (Groundball, 56D, EV 98.1 MPH)
|
|
Batting: LHB Ramon Vega
|
0-0: Fly out, F8 (Line Drive, 78D, EV 96.2 MPH)
|
|
Batting: LHB Phil Lerner
|
0-0: Foul Ball, location: 2F 0-1: Called Strike 0-2: Strikes out swinging
|
|
Batting: RHB Eric McMillian
|
0-0: Ball 1-0: Fly out, F8 (Flyball, 8RD, EV 95.0 MPH)
|
| Bottom of the 7th over - 0 runs, 1 hit, 0 errors, 1 left on base; Rome 2 - Tri-City 4 |
| TOP OF THE 8TH |
|
Rome Braves batting - Pitching for Tri-City Dust Devils : RHP Chris Pisor
|
|
Batting: RHB Chris Trites
|
0-0: Foul Ball, location: 2F 0-1: Foul Ball, location: 2F 0-2: Ball 1-2: Foul Ball, location: 2F 1-2: Ball 2-2: Strikes out swinging
|
|
Batting: RHB Costantino Dolfini
|
0-0: Ball 1-0: Ball 2-0: Ball 3-0: Called Strike 3-1: Fly out, F8 (Flyball, 8LD, EV 105.0 MPH)
|
|
Batting: LHB Ricardo Sandoval
|
0-0: Ball 1-0: Fly out, F9 (Flyball, 9S, EV 90.6 MPH)
|
| Top of the 8th over - 0 runs, 0 hits, 0 errors, 0 left on base; Rome 2 - Tri-City 4 |
| BOTTOM OF THE 8TH |
|
Tri-City Dust Devils batting - Pitching for Rome Braves : RHP Armando Padron
|
|
Batting: LHB Chad Cutler
|
0-0: Fly out, F9 (Flyball, 9, EV 83.8 MPH)
|
|
Batting: RHB Edgardo Rivera
|
0-0: SINGLE (Line Drive, 5D, EV 101.2 MPH)
|
|
Batting: SHB Isaiah Scates
|
0-0: Ball 1-0: Foul Ball, location: 2F 1-1: Foul Ball, location: 2F 1-2: Foul Ball, location: 2F 1-2: Ball 2-2: Foul Ball, location: 2F 2-2: Fielders Choice at 2nd, 3-6 (Groundball, 34, EV 91.9 MPH)
|
|
Pitching: RHP Wami Benthami
|
|
|
Batting: RHB Hector Fernandez
|
0-0: Ball 1-0: Foul Ball, location: 2F 1-1: Foul Ball, location: 2F 1-2: Foul Ball, location: 2F 1-2: Ball 2-2: Foul Ball, location: 2F 2-2: Hit by Pitch Isaiah Scates to second
|
|
Batting: RHB Mike MacLeod
|
0-0: Ball 1-0: Ball 2-0: Called Strike 2-1: Ball 3-1: Base on Balls Isaiah Scates to third Hector Fernandez to second
|
|
Batting: RHB Oren Jones
|
0-0: Ball 1-0: Swinging Strike 1-1: Ball 2-1: Foul Ball, location: 2F 2-2: Ball 3-2: Ground out 4-3 (Groundball, 4S, EV 83.8 MPH)
|
| Bottom of the 8th over - 0 runs, 1 hit, 0 errors, 3 left on base; Rome 2 - Tri-City 4 |
| TOP OF THE 9TH |
|
Rome Braves batting - Pitching for Tri-City Dust Devils : RHP Chris Pisor
|
|
Pitching: RHP Josh Mott
|
|
|
Now in LF: Yutaro Takahashi
|
|
|
Batting: LHB Tamaichi Sasada
|
0-0: Fly out, F8 (Flyball, 8LM, EV 86.9 MPH)
|
|
Batting: SHB Karl Starnes
|
0-0: Reached on error, E4 (Groundball, 4, EV 100.6 MPH)
|
|
Batting: RHB Manny Hensley
|
0-0: Called Strike 0-1: Called Strike 0-2: Ball 1-2: Fly out, F8 (Flyball, 8RS, EV 85.0 MPH)
|
|
Batting: RHB Dave Pizarro
|
0-0: Ball 1-0: SINGLE (Line Drive, 8LS, EV 98.8 MPH) Karl Starnes to third
|
|
Batting: RHB Yutaka Yamane
|
0-0: Ball 1-0: Called Strike 1-1: Ball 2-1: Fly out, F9 (Line Drive, 9, EV 90.6 MPH)
|
| Top of the 9th over - 0 runs, 1 hit, 1 error, 2 left on base; Rome 2 - Tri-City 4 |
|